 Dungeon Crawl Stone Soup version 0.28-a0-726-g4a9143789a (webtiles) character file.

Game seed: 8019292754997134838

45623 kae the Unseen (level 14, -4/73 HPs)
             Began as a Spriggan Enchanter on Oct 27, 2021.
             Was a High Priest of Dithmenos.
             Slain by a spriggan rider (10 damage)
             ... on level 5 of the Lair of Beasts.
             The game lasted 00:26:07 (24333 turns).

kae the Unseen (Spriggan Enchanter)                Turns: 24333, Time: 00:26:08

Health: -4/73      AC:  7    Str:  7    XL:     14   Next: 1%
Magic:  22/25      EV: 27    Int: 19    God:    Dithmenos [*****.]
Gold:   1660       SH:  5    Dex: 19    Spells: 16/27 levels left

rFire   + . .      SeeInvis +   a - +2 dagger (flame)
rCold   x . .      Faith    .   (shield restricted)
rNeg    . . .      Spirit   .   G - +0 steam dragon scales
rPois   .          Reflect  +   (helmet restricted)
rElec   .          Harm     .   j - +1 cloak
rCorr   .          Rampage  .   (gloves unavailable)
Will    +++..                   (boots unavailable)
Stlth   ++++++++++              I - amulet of reflection
HPRegen 0.22/turn               x - ring of willpower
MPRegen 0.19/turn               z - ring of Neurosis {Fire Int+2 Dex+2}

@: wreathed by umbra, very quick
A: very small, no large weapons, unfitting armour, see invisible, speed 3
a: Renounce Religion, Shadow Step, Shadow Form


You were on level 5 of the Lair of Beasts.
You worshipped Dithmenos.
Dithmenos was extremely pleased with you.
You visited 3 branches of the dungeon, and saw 18 of its levels.
You also visited: Volcano.

You collected 1660 gold pieces.

Inventory:

Hand Weapons
 a - a +2 dagger of flaming (weapon)
 b - a +2 short sword of venom
 l - a +0 dagger of venom
 H - a +1 vorpal scimitar
Missiles
 q - a throwing net (quivered)
Armour
 j - a +1 cloak (worn)
 s - a +0 robe
 G - +0 steam dragon scales (worn)
 K - +0 acid dragon scales
Jewellery
 n - a ring of ice
 x - a ring of willpower (left hand)
 z - the ring of Neurosis (right hand) {Fire Int+2 Dex+2}
   (You found it on level 6 of the Dungeon)

   [ring of fire]

   It enhances your fire magic.
   Int:       It affects your intelligence (+2).
   Dex:       It affects your dexterity (+2).
   rF:        It protects you from fire.
   rC:        It makes you vulnerable to cold.
 I - an amulet of reflection (around neck)
 J - a ring of flight
 Q - an amulet of magic regeneration
 S - a ring of willpower
Wands
 A - a wand of flame (14)
 B - a wand of acid (13)
 C - a wand of polymorph (30)
 F - a wand of iceblast (12)
 N - a wand of mindburst (9)
 O - a wand of paralysis (9)
Scrolls
 c - 4 scrolls of enchant armour
 f - 12 scrolls of teleportation
 u - 5 scrolls of magic mapping
 y - 3 scrolls of amnesia
 D - 3 scrolls of enchant weapon
 L - a scroll of fear
 M - 4 scrolls of identify
 R - a scroll of fog
Potions
 d - 4 potions of curing
 e - 2 potions of berserk rage
 g - 2 potions of haste
 h - 3 potions of flight
 i - 4 potions of mutation
 k - 4 potions of brilliance {unknown}
 m - 3 potions of ambrosia {unknown}
 o - 5 potions of attraction {unknown}
 p - a potion of resistance {unknown}
 r - 5 potions of lignification {unknown}
 t - 6 potions of heal wounds {unknown}
 v - a potion of degeneration {unknown}
 w - 2 potions of cancellation
 E - 3 potions of might


   Skills:
 + Level 8.0 Fighting
 * Level 14.7 Short Blades
 + Level 12.7 Dodging
 + Level 15.1 Stealth
 - Level 7.3 Spellcasting
 - Level 10.1 Hexes
 + Level 8.4 Invocations


You had 16 spell levels left.
You knew the following spells:

 Your Spells              Type           Power      Damage    Failure   Level
a - Ensorcelled Hibernat  Hex/Ice        52%        N/A       1%          2
b - Confusing Touch       Hex            45%        N/A       1%          3
c - Tukima's Dance        Hex            45%        N/A       1%          3
d - Dazzling Flash        Conj/Hex       52%        N/A       3%          3

Your spell library contained the following spells:

 Spells                   Type           Power      Damage    Failure   Level
 Beastly Appendage        Tmut           12%        N/A       10%         1
 Wereblood                Tmut           6%         N/A       16%         2
 Spider Form              Tmut/Pois      3%         N/A       30%         3
 Summon Mana Viper        Hex/Summ       26%        N/A       34%         5
 Yara's Violent Unravell  Hex/Tmut       13%        3d7       34%         5
 Passage of Golubria      Tloc           6%         N/A       69%         4
 Summon Ice Beast         Ice/Summ       6%         N/A       69%         4
 Monstrous Menagerie      Summ           3%         N/A       100%        7
 Borgnjor's Revivificati  Necr           3%         N/A       100%        8
 Necromutation            Tmut/Necr      3%         N/A       100%        8
 Death's Door             Necr           3%         N/A       100%        9


Dungeon Overview and Level Annotations

Branches:
Dungeon (11/15)            Temple (1/1) D:6            Lair (6/6) D:8
 Shoals (0/4) Lair:4       Spider (0/4) Lair:4        Slime (0/5) Lair:6
    Orc (0/2) D:9         Volcano (visited)

Altars:
Ashenzari
Cheibriados
Dithmenos
Elyvilon
Fedhas
Gozag
Hepliaklqana
Kikubaaqudgha
Makhleb
Nemelex Xobeh
Qazlal
Ru
Sif Muna
Trog
Uskayaw
Vehumet
Wu Jian
Xom
Yredelemnul
Zin
The Shining One

Shops:
D:2 [   D:4 =   D:9 (

Annotations:
D:3 Grinder
D:7 3 runed translucent doors, qborf's ghost, novice FeCj
Lair:6 1 exclusion, Snorg


Innate Abilities, Weirdness & Mutations

You are very small and have problems with some larger weapons.
You are too small for most types of armour.
You have supernaturally acute eyesight. (SInv)
You cover ground extremely quickly. (Speed+++)


Message History

Level annotation: 1 exclusion, Snorg
There is a stone staircase leading up, spattered with blood here.
There is a stone staircase leading up, spattered with blood here.
Casting: Confusing Touch (safe; 1% risk of failure)
Confirm with . or Enter, or press ? or * to list all spells.
Aiming: Ensorcelled Hibernation (safe; 1% risk of failure)
Press: ? - help, Shift-Dir - straight line, f - spriggan rider
Aim: a spriggan rider, wielding a +0 spear (water, umbra, chance to affect: 3%)
The spriggan rider resists with almost no effort.
The spriggan rider hits you from afar with a +0 spear!!
Casting: Ensorcelled Hibernation (safe; 1% risk of failure)
Confirm with . or Enter, or press ? or * to list all spells.
Aiming: Ensorcelled Hibernation (safe; 1% risk of failure)
Press: ? - help, Shift-Dir - straight line, f/p - spriggan rider
Aim: a spriggan rider, wielding a +0 spear (umbra, chance to affect: 3%)
The spriggan rider resists with almost no effort.
The spriggan rider barely misses you.
The spriggan rider hits you with a +0 spear!
There is a stone staircase leading up, spattered with blood here.
You block the spriggan rider's attack.
You climb upwards.
There is a stone staircase leading down, spattered with blood here.
Things that are here:
a +0 robe; a +0 rapier; a spriggan skeleton
Casting: Ensorcelled Hibernation (safe; 1% risk of failure)
Confirm with . or Enter, or press ? or * to list all spells.
Your hands begin to glow red.
The spriggan rider hits you with a +0 spear!!
The spriggan rider closely misses you.
You miss the spriggan rider.
Your shadow hits the spriggan rider with a dagger.
You hit the spriggan rider but do no damage.
The spriggan rider is lightly wounded.
Your shadow hits the spriggan rider with a dagger.
The spriggan rider hits you with a +0 spear!!
* * * LOW HITPOINT WARNING * * *
Your hands stop glowing.
There is a stone staircase leading down here.
The spriggan rider hits you from afar with a +0 spear!
You die...

......#....'........##
.........##.........###
'........##.........#.#
#.......##...........##
#.P...#####..........#
#......# ###.......##
......## #..P....#
....##.# ##......##
......### ##...@....#
......#.####.........##
.....#.......+..i.....#
.[.......####........##
..........# #........#
.........## ##.......#
......#.## #.......##
.....#### #........#
.....# ###...P..##


You could see a spriggan rider.

Vanquished Creatures
  Gastronok (Lair:3)
  Nessos (Lair:4)
  Josephine (Lair:6)
  A boulder beetle (D:11)
  6 hydras
  A two-headed ogre (D:11)
  3 death yaks
  A lindwurm (Lair:5)
  A wizard (Volcano)
  Pikel (D:4)
  A wolf spider (Lair:4)
  2 cyclopes (Volcano)
  4 salamanders (Volcano)
  7 elephants
  3 black mambas
  3 molten gargoyles (Volcano)
  2 gargoyles (Volcano)
  Joseph (D:7)
  8 cane toads
  Maggie (D:8)
  2 rime drakes (Lair:4)
  2 efreet (Volcano)
  9 komodo dragons
  2 trolls
  6 polar bears
  10 blink frogs
  A hornet (Lair:6)
  11 dream sheep
  A meliai zombie (D:10)
  2 vampires (D:9)
  A shadow (D:11)
  2 spriggans
  4 wraiths (Lair:6)
  3 wyverns
  32 yaks
  2 basilisks (Lair:3)
  Menkaure (D:4)
  2 steam dragons (D:7)
  An acid dragon (D:11)
  Duvessa (D:4)
  9 water moccasins
  11 orc warriors
  A necrophage (D:5)
  An ice beast (D:6)
  4 black bears
  3 sky beasts (D:7)
  3 ogres
  20 wolves
  A boggart (Lair:6)
  8 centaurs
  A lemure (D:3)
  A phantom (D:6)
  8 bullfrogs
  A gnoll sergeant (D:6)
  A scorpion (D:6)
  Dowan (D:4)
  3 water moccasin zombies (D:5)
  A water moccasin skeleton (D:4)
  4 wights (D:8)
  6 killer bees (D:10)
  3 electric eels (Lair:2)
  3 howler monkeys
  5 centaur zombies
  A hound (D:3)
  A jelly (D:7)
  3 centaur skeletons (D:7)
  6 orc priests
  Crazy Yiuf (D:3)
  4 orc wizards
  2 iguanas (D:5)
  2 killer bee zombies
  A hound skeleton (D:5)
  3 gnolls (D:6)
  3 adders (D:2)
  A howler monkey skeleton (D:6)
  An adder skeleton (D:2)
  A worm (D:2)
  3 dart slugs (D:1)
  55 orcs
  5 endoplasms
  A giant cockroach (D:3)
  8 goblins
  A hobgoblin (D:4)
  9 jackals
  8 kobolds
  2 quokkas (D:1)
  5 ball pythons
  2 bats (D:2)
  3 frilled lizards (D:1)
  7 rats
382 creatures vanquished.

Vanquished Creatures (collateral kills)
  2 orcs (D:9)
2 creatures vanquished.

Vanquished Creatures (others)
  A cyclops (Volcano)
  19 fungi
  25 plants
45 creatures vanquished.

Grand Total: 429 creatures vanquished

Notes
Turn   | Place    | Note
-------+----------+-------------------------------------------
     0 | D:1      | kae the Spriggan Enchanter began the quest for the Orb.
     0 | D:1      | Reached XP level 1. HP: 9/9 MP: 5/5
    36 | D:1      | Found a faded altar of an unknown god.
    59 | D:1      | You fall into a shaft and drop 1 floor!
    78 | D:2      | Reached XP level 2. HP: 8/13 MP: 6/6
    82 | D:2      | Learned a level 2 spell: Ensorcelled Hibernation
   493 | D:1      | Reached XP level 3. HP: 17/17 MP: 5/8
  1226 | D:2      | Noticed a black bear
  1409 | D:1      | Learned a level 3 spell: Confusing Touch
  1413 | D:1      | Learned a level 3 spell: Tukima's Dance
  1666 | D:2      | Reached skill level 5 in Stealth
  1723 | D:2      | Killed a black bear
  1724 | D:2      | Reached skill level 1 in Fighting
  1724 | D:2      | Reached XP level 4. HP: 22/22 MP: 7/10
  1724 | D:2      | Reached XP level 5. HP: 25/25 MP: 7/11
  2124 | D:2      | Found Erab's Antique Armour Boutique.
  2822 | D:3      | Found a runed translucent door.
  2823 | D:3      | Noticed Crazy Yiuf
  2885 | D:3      | Noticed Grinder
  3144 | D:3      | Killed Crazy Yiuf
  3197 | D:4      | Found Fusmastry's Jewellery Emporium.
  3224 | D:4      | Noticed an ogre
  3233 | D:4      | Killed an ogre
  3234 | D:4      | Reached XP level 6. HP: 22/30 MP: 7/12
  3351 | D:4      | Found a white marble altar of Elyvilon.
  3366 | D:4      | Noticed Menkaure
  3445 | D:4      | Killed Menkaure
  3446 | D:4      | Reached skill level 6 in Stealth
  3717 | D:4      | Reached XP level 7. HP: 35/35 MP: 14/14
  3742 | D:4      | Reached skill level 5 in Hexes
  4292 | D:4      | Noticed Duvessa
  4293 | D:4      | Noticed Pikel
  4294 | D:4      | Noticed Dowan
  4626 | D:4      | Killed Duvessa
  4839 | D:4      | Killed Dowan
  4947 | D:4      | Killed Pikel
  4948 | D:4      | Reached skill level 5 in Short Blades
  4948 | D:4      | Reached skill level 5 in Dodging
  4948 | D:4      | Reached skill level 7 in Stealth
  4948 | D:4      | Reached skill level 5 in Spellcasting
  4948 | D:4      | Reached XP level 8. HP: 39/39 MP: 12/16
  4981 | D:4      | Found an opulent altar of Gozag.
  5070 | D:5      | Entered Level 5 of the Dungeon
  6075 | D:6      | Found a staircase to the Ecumenical Temple.
  6082 | D:6      | Reached skill level 8 in Stealth
  6094 | Temple   | Entered the Ecumenical Temple
  6269 | Temple   | Became a worshipper of Dithmenos the Shadowed
  6312 | D:6      | Found a snail-covered altar of Cheibriados.
  6559 | D:6      | Reached XP level 9. HP: 44/44 MP: 11/18
  6870 | D:6      | Found a shimmering altar of Xom.
  6882 | D:6      | Identified the ring of Neurosis {Fire Int+2 Dex+2}
  6999 | D:6      | Found a bloodstained altar of Trog.
  7041 | D:6      | Found a basalt altar of Yredelemnul.
  7227 | D:7      | Found a hazy altar of Hepliaklqana.
  7230 | D:7      | Found a shimmering blue altar of Sif Muna.
  7232 | D:7      | Found a sacrificial altar of Ru.
  7490 | D:7      | Found a runed translucent gate.
  7490 | D:7      | Found a runed translucent gate.
  7490 | D:7      | Found a runed translucent gate.
  7788 | D:7      | Reached skill level 1 in Invocations
  7789 | D:7      | Noticed Joseph
  8221 | D:7      | Reached skill level 9 in Stealth
  8246 | D:7      | Reached * piety under Dithmenos
  8383 | D:7      | Noticed qborf's ghost (novice FeCj)
  8862 | D:7      | Killed Joseph
  9007 | D:8      | Found an ancient bone altar of Kikubaaqudgha.
  9392 | D:8      | Found a staircase to the Lair.
  9749 | D:8      | Noticed Maggie
  9753 | D:8      | Killed Maggie
  9754 | D:8      | Reached XP level 10. HP: 51/51 MP: 16/21
 10359 | D:9      | Found a staircase to the Orcish Mines.
 10383 | D:9      | Reached ** piety under Dithmenos
 10695 | D:9      | Found Bumerruf's Weapon Shop.
 10812 | D:9      | Reached skill level 10 in Stealth
 10974 | D:9      | Learned a level 3 spell: Dazzling Flash
 10995 | D:10     | Entered Level 10 of the Dungeon
 11286 | D:10     | Reached skill level 5 in Fighting
 11597 | D:10     | You fall into a shaft and drop 1 floor!
 11620 | D:11     | Noticed a boulder beetle
 11636 | D:11     | Killed a boulder beetle
 11637 | D:11     | Reached XP level 11. HP: 54/55 MP: 17/22
 11906 | D:11     | Noticed a two-headed ogre
 11910 | D:11     | Killed a two-headed ogre
 11911 | D:11     | Reached skill level 10 in Short Blades
 12165 | D:11     | Reached skill level 11 in Stealth
 12167 | D:11     | Reached *** piety under Dithmenos
 13634 | Lair:1   | Entered Level 1 of the Lair of Beasts
 13685 | Lair:1   | Found a dark tunnel.
 13705 | Volcano  | Entered a volcano
 13824 | Volcano  | Reached skill level 5 in Invocations
 14940 | Volcano  | Reached skill level 12 in Stealth
 15004 | Volcano  | Noticed a wizard
 15038 | Volcano  | Killed a wizard
 15147 | Volcano  | Noticed an orb of fire
 15191 | Volcano  | Reached skill level 10 in Dodging
 15191 | Volcano  | Reached XP level 12. HP: 61/61 MP: 21/23
 15603 | Volcano  | Noticed an orb of fire
 16047 | Lair:1   | Noticed a four-headed hydra
 16054 | Lair:1   | Killed a four-headed hydra
 16388 | Lair:1   | Noticed a four-headed hydra
 16393 | Lair:1   | Killed a four-headed hydra
 16418 | Lair:1   | Reached **** piety under Dithmenos
 16648 | Lair:2   | Noticed a six-headed hydra
 16655 | Lair:2   | Killed a six-headed hydra
 16656 | Lair:2   | Reached skill level 10 in Hexes
 16726 | Lair:2   | Noticed a six-headed hydra
 16737 | Lair:2   | Killed a six-headed hydra
 17439 | Lair:2   | Reached skill level 13 in Stealth
 17935 | Lair:2   | Identified a scroll of acquirement
 17935 | Lair:2   | Acquired 617 gold pieces
 18327 | Lair:3   | Noticed Gastronok
 18343 | Lair:3   | Killed Gastronok
 18701 | Lair:3   | You fall into a shaft and drop 2 floors!
 18887 | Lair:5   | Reached XP level 13. HP: 67/67 MP: 24/24
 18888 | Lair:5   | Reached ***** piety under Dithmenos
 20481 | Lair:4   | Reached skill level 14 in Stealth
 20951 | Lair:4   | Found a staircase to the Shoals.
 21694 | Lair:3   | Identified the +11 dagger of Conscience {elec, rN+ Will+
                  | Int-3}
 21909 | Lair:4   | You fall into a shaft and drop 2 floors!
 21909 | Lair:6   | Entered Level 6 of the Lair of Beasts
 21946 | Lair:6   | Found a staircase to the Slime Pits.
 22125 | Lair:4   | Found a hole to the Spider Nest.
 22162 | Lair:4   | Noticed Nessos
 22169 | Lair:4   | Killed Nessos
 22525 | Lair:4   | Identified the +4 quarterstaff of the Shouting Fox
                  | {antimagic, Contam rPois rC+ Int+9}
 22671 | Lair:6   | Noticed Josephine
 22673 | Lair:6   | Killed Josephine
 23197 | Lair:6   | Reached skill level 15 in Stealth
 23651 | Lair:6   | Noticed Snorg
 23695 | Lair:5   | Reached XP level 14. HP: 66/73 MP: 18/25
 24309 | Lair:5   | HP: 2/73 [spriggan rider (20)]
 24333 | Lair:5   | Slain by a spriggan rider

Illustrated notes

Levels and vault maps discovered:
D:1:      wander_arrival_estate, layout_rooms, basic_ecumenical_altar
D:2:      layout_rooms, serial_shops, shop_fountains
D:3:      layout_loops_corners, chequers_serial_rivers_micro_a,
          uniq_crazy_yiuf_cottage, uniq_grinder
D:4:      layout_cave_pods, kennysheep_mini, kennysheep_mini_moat,
          minmay_shop_enchanted_jewellery, uniq_pikel, uniq_duvessa,
          uniq_menkaure
D:5:      layout_cave_pools, kennysheep_generic_room_16
D:6:      layout_loops_cross, nicolae_overflow_hidden_temple,
          minmay_temple_entry_statues_pillars, hangedman_feature_mirror
D:7:      layout_rooms, grunt_temple_overflow_open, gammafunk_ghost_icy,
          hangedman_misty_isle, uniq_joseph
D:8:      layout_basic, mainiacjoe_overflow_catwalk, lair_entry_dummy,
          uniq_maggie
D:9:      layout_long_grid, hiddenorc2_lemuel, serial_shops, nicolae_shop_stone
D:10:     layout_loops_cross, special_room [special_room_orc]
D:11:     layout_loops_corners, wad_woods_river_04
Temple:   dshaligram_water_room_temple
Lair:1:   layout_cave_shapes, enter_volcano_1, serial_bayou_shore_b
Lair:2:   layout_regular_city, serial_bayou_lake_a, grunt_megastairs_5
Lair:3:   layout_gridlike, lemuel_fruit_tree, uniq_gastronok
Lair:4:   layout_misc_corridors, minmay_shoals_entry_centaurs,
          spider_nest_entry_rubble, uniq_nessos
Lair:5:   layout_roguey
Lair:6:   minmay_lair_end_enchanted_forest, layout_cave_shapes, slime_dummy,
          grunt_megastairs_3, infiniplex_staircase_pool_2, uniq_snorg,
          uniq_josephine

Skill      XL: |  1  2  3  4  5  6  7  8  9 10 11 12 13 |
---------------+----------------------------------------+-----
Dodging        | 3 4 5 6 7 8 10 11 12 | 12.7
Short Blades   | 2 3 4 5 6 8 9 11 13 14 | 14.7
Spellcasting   | 3 4 5 6 7 |  7.3
Hexes          | 4 5 6 7 8 9 10 | 10.1
Stealth        | 5 6 7 8 9 10 12 13 15 | 15.1
Fighting       | 1 2 3 4 5 6 7 8 |  8.0
Invocations    | 2 4 5 7 8 |  8.4

Action                   |  1- 3 |  4- 6 |  7- 9 | 10-12 | 13-15 || total
-------------------------+-------+-------+-------+-------+-------++-------
Melee: Dagger            |    86 |    66 |   253 |   445 |   275 ||  1125
       Short sword       |       |       |    22 |       |       ||    22
 Cast: Ensorcelled Hiber |    11 |     6 |    56 |   134 |   165 ||   372
       Confusing Touch   |       |     1 |    11 |    17 |    13 ||    42
       Tukima's Dance    |       |       |       |     2 |       ||     2
Invok: Shadow Step       |       |       |       |     1 |     1 ||     2
  Use: Scroll            |     6 |     2 |     8 |     7 |     5 ||    28
       Potion            |       |       |       |     1 |       ||     1
 Stab: Sleeping          |    12 |    13 |    45 |   105 |    81 ||   256
       Confused          |       |     2 |     6 |    18 |     9 ||    35
       Invisible         |       |       |       |    22 |       ||    22
       Distracted        |       |       |       |     1 |     1 ||     2
Armor: Robe              |     5 |     5 |    27 |       |       ||    37
       Steam dragon scal |       |       |       |    17 |    18 ||    35
Dodge: Dodged            |    76 |    43 |   234 |   319 |   324 ||   996
Block: Other             |       |       |       |     8 |    49 ||    57

Table legend: (Time is in decaauts)
 A = Elapsed time spent in this place.
 B = Non-inter-level travel time spent in this place.
 C = Inter-level travel time spent in this place.
 D = Time resting spent in this place.
 E = Time spent auto-exploring this place.
 F = Levels seen in this place.
 G = Mean time per level.
                   A        B        C        D        E       F      G
               +--------+--------+--------+--------+--------+-----+--------+
         Total |  19215 |  18711 |    504 |   7572 |   8225 |  19 | 1011.3 |
       Dungeon |  10328 |  10030 |    298 |   3383 |   5151 |  11 |  938.9 |
        Temple |    142 |    121 |     21 |      0 |    113 |   1 |  142.0 |
          Lair |   6941 |   6757 |    184 |   2902 |   2720 |   6 | 1156.8 |
       Volcano |   1803 |   1803 |      0 |   1286 |    241 |   1 | 1803.0 |
               +--------+--------+--------+--------+--------+-----+--------+

Top non-repeatable levels by time:
  Lair:5: 2211 daAuts
 Volcano: 1803 daAuts
     D:4: 1304 daAuts
     D:7: 1285 daAuts
     D:1: 1269 daAuts
  Lair:2: 1263 daAuts
     D:3: 1192 daAuts
  Lair:4: 1157 daAuts
    D:11: 952 daAuts
  Lair:3: 930 daAuts
    D:10: 895 daAuts
     D:8: 827 daAuts
     D:6: 732 daAuts
  Lair:6: 706 daAuts
  Lair:1: 672 daAuts
